 Dungeon Crawl Stone Soup version 0.31.0-9-g3a7656b989 (webtiles) character file.

Game seed: 7595174584476617445

77 Gottschkopf the Trooper (level 4, 0/44 HPs)
             Began as a Minotaur Fighter on Jan 27, 2024.
             Slain by a gnoll
             ... wielding a +1 vampiric spear
              (5 damage)
             ... on level 3 of the Dungeon.
             The game lasted 00:02:10 (903 turns).

Gottschkopf the Trooper (Minotaur Fighter)           Turns: 903, Time: 00:02:11

Health: 0/44       AC: 11    Str: 29    XL:     4   Next: 13%
Magic:  3/3        EV:  7    Int:  5    God:
Gold:   130        SH:  4    Dex:  9    Spells: 3/3 levels left

rFire   . . .        a - +0 flail
rCold   . . .        c - +0 buckler
rNeg    . . .        k - +0 plate armour
rPois   .            (helmet restricted)
rElec   .            (no cloak)
rCorr   .            (no gloves)
SInv    .            (no boots)
Will    .....        (no amulet) Stlth
                     g - ring of flight
HPRegen 0.27/turn    h - +6 ring of strength
MPRegen 0.08/turn

%: no passive effects
@: mighty, flying
A: horns 2, retaliatory headbutt
a: no special abilities


You were on level 3 of the Dungeon.
You visited 1 branch of the dungeon, and saw 3 of its levels.

You collected 130 gold pieces.

Inventory:

Hand Weapons
 a - a +0 flail (weapon)
Armour
 c - a +0 buckler (worn)
 k - a +0 plate armour (worn)
Jewellery
 g - a ring of flight (left hand)
 h - a +6 ring of strength (right hand)
Scrolls
 i - a scroll of identify {unknown}
 l - a scroll of enchant weapon {unknown}
 m - a scroll of brand weapon {unknown}
Potions
 b - a potion of brilliance {unknown}
 e - 2 potions of attraction {unknown}
 f - 2 potions of enlightenment {unknown}
 j - 2 potions of curing {unknown}
 n - a potion of invisibility {unknown}


   Skills:
 + Level 6.1 Fighting
 - Level 2.4 Maces & Flails
 - Level 3.6 Armour
 - Level 3.6 Shields


You had 3 spell levels left.
You didn't know any spells.
Your spell library contained the following spells:

 Spells                   Type           Power      Damage    Failure   Level
 Necrotise                Necr           0%         1d4       100%        1
 Vampiric Draining        Necr           0%         2d6       100%        3
 Martyr's Knell           Necr/Summ      0%         N/A       100%        4
 Curse of Agony           Necr           0%         N/A       100%        5


Dungeon Overview and Level Annotations

Branches:
Dungeon (3/15)

Altars:


Innate Abilities, Weirdness & Mutations

You have a pair of horns on your head.
You reflexively headbutt those who attack you in melee.


Message History

The bat hits you but does no damage. The bat hits you but does no damage.
The bat hits you but does no damage.
You hit the bat.
The bat is severely wounded.
The bat closely misses you.
The gnoll hits you from afar with a +0 halberd.
The bat barely misses you.
You hit the bat.
You kill the bat!
The gnoll hits you but does no damage. The gnoll attacks as it pursues you!
The gnoll hits you from afar with a +1 vampiric spear.
You block the gnoll's attack.
You see here a bat corpse.
You thump the gnoll! Your headbutt misses the gnoll.
The gnoll is almost dead.
The gnoll hits you with a +0 spear. The gnoll closely misses you.
The gnoll barely misses you. The gnoll hits you with a +0 spear!
The gnoll hits you from afar with a +1 vampiric spear.
You block the gnoll's attack. The gnoll hits you but does no damage.
You closely miss the gnoll. The gnoll barely misses you.
You block the gnoll's attack.
You hit the gnoll but do no damage.
You hear the slow rusting of a distant drain.
The gnoll barely misses you. You block the gnoll's attack.
You closely miss the gnoll.
You headbutt the gnoll, but do no damage.
The gnoll hits you but does no damage. x2
You feel very mighty all of a sudden.
The gnoll hits you from afar with a +0 spear!
The gnoll hits you with a +1 vampiric spear.
* * * LOW HITPOINT WARNING * * *
The rat twitches its whiskers.
You sock the gnoll!
The gnoll is almost dead.
The gnoll barely misses you. You block the gnoll's attack.
The gnoll hits you from afar with a +0 spear!
* * * LOW HITPOINT WARNING * * *
The gnoll hits you with a +1 vampiric spear.
You die...

≈≈≈≈≈≈≈≈≈≈≈≈~≈≈≈≈
~~≈~~~~~~~~~~~~~~~~~~~≈
.~~....~~~.~~~~~~...~.~
......................$
.......)...............
....r.r...#..........#
#
......g.........>.....
.. #...#.####..##.##.
#.g.#.g@†gg.......
#...######r#....#
#...######†#....#
#..grg..g.......#
#.............<#..
#..............#
######............#
...................#
........)..........+


You could see 3 gnolls and a rat.

Vanquished Creatures
  4 adders (D:2)
  2 ball pythons
  3 endoplasms
  A giant cockroach (D:2)
  2 goblins (D:1)
  A hobgoblin (D:2)
  3 jackals (D:2)
  6 kobolds
  3 quokkas
  8 bats
  4 frilled lizards
  5 rats
42 creatures vanquished.

Notes
Turn   | Place    | Note
-------+----------+-------------------------------------------
     0 | D:1      | Gottschkopf the Minotaur Fighter began the quest for the
                  | Orb.
     0 | D:1      | Reached XP level 1. HP: 19/19 MP: 0/0
    48 | D:1      | Reached skill level 4 in Fighting
    75 | D:1      | Reached XP level 2. HP: 28/28 MP: 1/1
   397 | D:2      | Reached skill level 5 in Fighting
   397 | D:2      | Reached XP level 3. HP: 36/36 MP: 2/2
   702 | D:2      | Reached skill level 6 in Fighting
   702 | D:2      | Reached XP level 4. HP: 40/44 MP: 3/3
   903 | D:3      | Slain by a gnoll

Illustrated notes

Levels and vault maps discovered:
D:1:      dpeg_arrival_pits, layout_rooms
D:2:      layout_rooms
D:3:      minmay_goblin_kobold_castle, layout_basic, ashenzari_altar_1,
          elyvilon_altar_4, vehumet_crystals,
          mainiacjoe_overflow_six_doors_small, gup_sewer_entry_bubbles

Skill      XL: |  1  2  3 |
---------------+----------+-----
Fighting       | 4 5 6 |  6.1
Maces & Flails | |  2.4
Armour         | |  3.6
Shields        | |  3.6

Action                     |  1- 3 |  4- 6 || total
---------------------------+-------+-------++-------
  Melee: Flail             |    80 |    10 ||    90
         Headbutt          |    12 |     2 ||    14
    Use: Potion            |       |     1 ||     1
 Armour: Scale mail        |     7 |       ||     7
         Plate armour      |    51 |    33 ||    84
  Dodge: Dodged            |    43 |    12 ||    55
  Block: Buckler           |    20 |     7 ||    27
